 Dungeon Crawl Stone Soup version 0.28-a0-1087-gf3fc490d9d (webtiles) character file.

Game seed: 12391404968976642780

343 piper the Magician (level 6, -1/42 HPs)
             Began as a Djinni Fire Elementalist on Dec 10, 2021.
             Was an Initiate of Makhleb.
             Slain by an orc warrior (10 damage)
             ... on level 4 of the Dungeon.
             The game lasted 00:23:28 (4772 turns).

piper the Magician (Djinni Fire Elementalist)       Turns: 4772, Time: 00:23:30

Health: -1/42      AC:  2    Str: 17 (19) XL:     6   Next: 88%
Gold:   105        EV: 12    Int: 15 (18) God:    Makhleb [......] SH:  0 Dex: 13 (14)

rFire   + + +      SeeInvis .   k - +3 short sword
rCold   x x .      Faith    .   (no shield)
rNeg    . . .      Spirit   .   a - +0 robe
rPois   ∞          Reflect  .   (no helmet)
rElec   .          Harm     .   (no cloak)
rCorr   .          Rampage  .   (no gloves)
Will    .....                   (boots unavailable)
Stlth   ++........              (no amulet)
HPRegen 0.14/turn               e - ring "Paviulefo" {Fire Str+6}
MPRegen 0.00/turn               i - +6 ring of strength

@: flying
A: sickness immunity, fire resistance 2, cold vulnerability 1, float, innate
caster, hp casting, extra vitality 1
a: Renounce Religion


You were on level 4 of the Dungeon.
You worshipped Makhleb.
Makhleb was noncommittal.
You visited 2 branches of the dungeon, and saw 5 of its levels.

You collected 160 gold pieces.
You spent 55 gold pieces at shops.

Inventory:

Hand Weapons
 f - a +0 spear
 k - a +3 short sword (weapon)
Armour
 a - a +0 robe (worn)
Jewellery
 e - the ring "Paviulefo" (left hand) {Fire Str+6}
   (You acquired it on level 2 of the Dungeon)

   [ring of fire]

   It enhances your fire magic.
   Str:       It affects your strength (+6).
   rF:        It protects you from fire.
   rC:        It makes you vulnerable to cold.
 i - a +6 ring of strength (right hand)
 l - a +4 ring of evasion
Scrolls
 b - 2 scrolls of identify
 g - a scroll of brand weapon {unknown}
 j - a scroll of fear
Potions
 c - a potion of curing
 d - 2 potions of heal wounds
 h - a potion of haste


   Skills:
 * Level 1.3 Fighting
 + Level 2.3 Dodging
 + Level 2.3 Stealth
 * Level 5.1 Spellcasting


You couldn't memorise any spells.
You knew the following spells:

 Your Spells              Type           Power      Damage    Failure   Level
a - Foxfire               Conj/Fire      100%       2x1d9     1%          1
b - Scorch                Fire           56%        2d8       3%          2
c - Conjure Flame         Conj/Fire      28%        6-21      6%          3
d - Inner Flame           Hex/Fire       28%        N/A       6%          3
e - Flame Wave            Conj/Fire      28%        2d6       21%         4
f - Freeze                Ice            76%        1d9       1%          1
g - Call Imp              Summ           19%        N/A       3%          2
Your spell library was empty.

Dungeon Overview and Level Annotations

Branches:
Dungeon (4/15)             Temple (1/1) D:4

Altars:
Ashenzari
Cheibriados
Dithmenos
Elyvilon
Gozag
Hepliaklqana
Kikubaaqudgha
Makhleb
Nemelex Xobeh
Okawaru
Qazlal
Ru
Sif Muna
Trog
Uskayaw
Vehumet
Wu Jian
Xom
Yredelemnul
Zin
The Shining One

Shops:
D:2 ?


Innate Abilities, Weirdness & Mutations

You are immune to sickness and miasma.
You are immune to poison.
Your flesh is very heat resistant. (rF++)
You are vulnerable to cold. (rC-)
You float through the air rather than walking.
You learn spells naturally, not from books.
Your magical power is your life essence.
You have superior vitality. (+4 HP)


Message History

The foxfire hits the orc warrior but does no damage.
The orc warrior is lightly wounded.
The foxfire hits the orc priest!
The orc priest is heavily wounded.
You feel a surge of power!
You conjure some foxfire!
The foxfire hits the orc warrior.
The orc warrior is lightly wounded.
The foxfire hits the orc warrior.
The orc warrior is moderately wounded.
You feel a surge of power!
You conjure some foxfire!
The foxfire hits the orc warrior!
The orc warrior is heavily wounded.
The foxfire hits the orc warrior.
The orc warrior is severely wounded.
The orc warrior hits you from afar with a +0 trident.
You feel a surge of power!
You conjure some foxfire!
The foxfire hits the orc warrior.
The orc warrior is severely wounded.
The foxfire hits the orc warrior but does no damage.
The orc warrior is severely wounded.
The orc warrior hits you from afar with a +0 trident!
You feel a surge of power!
You conjure some foxfire!
The foxfire hits the orc priest.
The orc priest is almost dead.
The foxfire hits the orc warrior.
The orc warrior is almost dead.
The orc priest hits you with a +0 club.
The orc warrior hits you from afar with a +0 trident!
* * * LOW HITPOINT WARNING * * *
You are too injured to fight recklessly!
You closely miss the orc priest.
The orc priest is almost dead.
The foxfire hits the orc priest.
You kill the orc priest!
Makhleb accepts your kill.
The foxfire hits the orc!
You kill the orc!
Makhleb accepts your kill.
The orc warrior hits you from afar with a +0 trident!
You die...

.....#....##.≈≈≈≈≈...#
.....#....##..≈≈≈≈...#
.....#....#...≈......#
.....#....#...≈......#
....##....#._≈....⌠.+#
#########.#....##....#
#.########...#
#.†.....§§...#
######..@....#
#.))....# #..o....#
##...##.# .†..# #
.....) .......
#.......


You could see an orc warrior.

Vanquished Creatures
  A hound (D:4)
  An orc priest (D:4)
  Natasha (twice) (D:2)
  An orc wizard (D:3)
  A howler monkey skeleton (D:4)
  2 adders
  10 gnolls
  A dart slug (D:1)
  5 orcs
  5 bats
  7 endoplasms
  3 giant cockroaches
  6 goblins
  7 hobgoblins
  A jackal (D:3)
  3 kobolds
  4 quokkas
  4 ball pythons
  7 frilled lizards
  7 rats
78 creatures vanquished.

Vanquished Creatures (collateral kills)
  Natasha (D:2)
  A gnoll (D:3)
  A dart slug (D:2)
  An orc (D:3)
4 creatures vanquished.

Vanquished Creatures (others)
  303 foxfires
303 creatures vanquished.

Grand Total: 385 creatures vanquished

Notes
Turn   | Place    | Note
-------+----------+-------------------------------------------
     0 | D:1      | piper the Djinni Fire Elementalist began the quest for the
                  | Orb.
     0 | D:1      | Reached XP level 1. HP: 15/15 MP: 0/0
   277 | D:1      | Reached XP level 2. HP: 12/21 MP: 0/0
  1001 | D:1      | Reached skill level 3 in Spellcasting
  1001 | D:1      | Reached XP level 3. HP: 23/25 MP: 0/0
  1001 | D:1      | Learned a level 1 spell: Freeze
  1546 | D:2      | Reached XP level 4. HP: 24/31 MP: 0/0
  1665 | D:2      | Reached skill level 4 in Spellcasting
  1665 | D:2      | Reached XP level 5. HP: 23/35 MP: 0/0
  1665 | D:2      | Learned a level 2 spell: Call Imp
  2289 | D:2      | Found a faded altar of an unknown god.
  2295 | D:2      | Noticed Natasha
  2324 | D:2      | Killed Natasha
  2588 | D:2      | Found Soozono's Magic Scroll Boutique.
  2612 | D:2      | Bought a scroll of fear for 35 gold pieces
  2612 | D:2      | Bought a scroll of identify for 20 gold pieces
  2646 | D:2      | Noticed Natasha
  2727 | D:3      | Found a snail-covered altar of Cheibriados.
  2738 | D:3      | Found a shadowy altar of Dithmenos.
  2787 | D:3      | Reached XP level 6. HP: 17/40 MP: 0/0
  3593 | D:2      | Killed Natasha
  3594 | D:2      | Reached skill level 1 in Fighting
  3594 | D:2      | Noticed Natasha
  3606 | D:2      | Killed Natasha
  3663 | D:2      | Identified a scroll of acquirement
  3663 | D:2      | Acquired the ring "Paviulefo" {Fire Str+6}
  4392 | D:4      | Reached skill level 5 in Spellcasting
  4416 | D:4      | Found a staircase to the Ecumenical Temple.
  4494 | Temple   | Entered the Ecumenical Temple
  4573 | Temple   | Became a worshipper of Makhleb the Destroyer
  4764 | D:4      | Noticed an orc warrior
  4772 | D:4      | Slain by an orc warrior

Illustrated notes

Levels and vault maps discovered:
D:1:      dpeg_arrival_three_same_balls, layout_basic, columned_hall_lemuel,
          st_stairs_8
D:2:      layout_rooms, serial_shops, shop_fountains,
          ebering_ecumenical_altar_webs, uniq_natasha
D:3:      layout_basic, jmf_multi_god_temple, minmay_pentangle
D:4:      layout_gridville, kiku_gazebo_pond_becter,
          minmay_temple_entry_statues_pillars
Temple:   regret_index_temple_mists

Skill      XL: |  1  2  3  4  5  6 |
---------------+-------------------+-----
Spellcasting   | 3 4 5 |  5.1
Stealth        | 2 |  2.3
Fighting       | 1 |  1.3
Dodging        | |  2.3

Action                   |  1- 3 |  4- 6 || total
-------------------------+-------+-------++-------
Melee: Short sword       |       |     3 ||     3
 Cast: Foxfire           |    73 |   105 ||   178
       Call Imp          |       |    10 ||    10
  Use: Scroll            |       |     7 ||     7
       Potion            |       |     7 ||     7
Dodge: Dodged            |     2 |    12 ||    14

Table legend: (Time is in decaauts)
 A = Elapsed time spent in this place.
 B = Non-inter-level travel time spent in this place.
 C = Inter-level travel time spent in this place.
 D = Time resting spent in this place.
 E = Time spent auto-exploring this place.
 F = Levels seen in this place.
 G = Mean time per level.
                   A        B        C        D        E       F      G
               +--------+--------+--------+--------+--------+-----+--------+
         Total |   4794 |   4696 |     98 |      0 |   3567 |   5 |  958.8 |
       Dungeon |   4616 |   4541 |     75 |      0 |   3498 |   4 | 1154.0 |
        Temple |    177 |    154 |     23 |      0 |     69 |   1 |  177.0 |
               +--------+--------+--------+--------+--------+-----+--------+

Top non-repeatable levels by time:
     D:2: 1715 daAuts
     D:1: 1464 daAuts
     D:3: 1224 daAuts
     D:4: 213 daAuts
  Temple: 177 daAuts
